[Event "FIDE WY-U16 Olympiad 2022"]
[Site "Nakhchivan"]
[Date "2022.10.05"]
[Round "4.31"]
[White "Meise, Keagen"]
[Black "Fawaz, Mohamad"]
[Result "1-0"]
[ECO "E77"]
[WhiteElo "1362"]
[BlackElo "1553"]
[Annotator "NA RC COMBH"]
[PlyCount "85"]
[EventDate "2022.10.02"]
[EventType "team-tourn"]
[EventCountry "AZE"]
[SourceTitle "playchess.com"]
[Source "ChessBase"]
[SourceQuality "1"]
[WhiteTeam "South Africa"]
[BlackTeam "Lebanon"]
[WhiteTeamCountry "RSA"]
[BlackTeamCountry "LBN"]
[TimeControl "40/5400+30:1800+30"]

1. d4 Nf6 2. c4 g6 3. Nc3 Bg7 4. e4 d6 5. f4 O-O 6. Nf3 c5 7. d5 e6 8. Bd3 exd5 9. cxd5 c4 10. Bc2 Re8 11. O-O Nbd7 12. Be3 Nxe4 13. Nxe4 f5 14. Nxd6 Rxe3 15. Nxc4 Re8 16. Re1 Rxe1+ 17. Qxe1 Nf6 18. Rd1 b5 19. Na3 Ng4 20. Nxb5 Rb8 21. Nbd4 Rxb2 22. h3 Nf6 23. d6 h6 24. Bb3+ Kh7 25. Qc3 Rxb3 26. Nxb3 Ne4 27. Qc7 Qxc7 28. dxc7 Bf6 29. Rd8 Ba6 30. c8=Q Bxc8 31. Rxc8 g5 32. fxg5 hxg5 33. Rc7+ Kg6 34. Rxa7 g4 35. hxg4 fxg4 36. Nfd2 Nc3 37. Ra6 Kf5 38. Kf2 Be5 39. Ra5 Kf6 40. Kf1 Nd1 41. Nc4 Bf4 42. Nd4 Nc3 43. Rf5+ 1-0

[Event "FIDE WY-U16 Olympiad 2022"]
[Site "Nakhchivan"]
[Date "2022.10.05"]
[Round "4.32"]
[White "Fawaz, Nadia"]
[Black "Potgieter, Edward"]
[Result "0-1"]
[ECO "C29"]
[WhiteElo "1385"]
[BlackElo "1567"]
[Annotator "NA RC COMBH"]
[PlyCount "118"]
[EventDate "2022.10.02"]
[EventType "team-tourn"]
[EventCountry "AZE"]
[SourceTitle "playchess.com"]
[Source "ChessBase"]
[SourceQuality "1"]
[WhiteTeam "Lebanon"]
[BlackTeam "South Africa"]
[WhiteTeamCountry "LBN"]
[BlackTeamCountry "RSA"]
[TimeControl "40/5400+30:1800+30"]

1. e4 e5 2. Nc3 Nf6 3. f4 d5 4. fxe5 Nxe4 5. Qf3 Nxc3 6. bxc3 c5 7. Ne2 Nc6 8. d4 Be6 9. Be3 cxd4 10. cxd4 Nb4 11. Nf4 Nxc2+ 12. Kf2 a6 13. Rb1 Qd7 14. Nxe6 fxe6 15. Bd3 Nxe3 16. Kxe3 g6 17. Rb6 Rc8 18. Qf6 Rg8 19. Rxe6+ Be7 20. Rf1 Kd8 21. Qf7 Rf8 22. Rxe7 Rxf7 23. Rxd7+ Rxd7 24. h4 Ke7 25. h5 Rf8 26. Rh1 Rg8 27. hxg6 hxg6 28. Rh6 g5 29. Bf5 Rc7 30. Be6 Rc6 31. Bxg8 Rxh6 32. Bxd5 b6 33. Ke4 Rh4+ 34. Ke3 a5 35. Kd3 Rg4 36. Ke3 Rg3+ 37. Ke2 b5 38. Bf3 g4 39. Kf2 gxf3 40. Kxg3 fxg2 41. Kxg2 b4 42. Kf3 a4 43. Ke3 b3 44. axb3 a3 45. Kd3 a2 46. Kc4 a1=Q 47. b4 Qa2+ 48. Kc5 Qa7+ 49. Kc4 Qc7+ 50. Kd5 Qb6 51. Kc4 Qc6+ 52. Kd3 Qd5 53. Kc3 Ke6 54. Kd3 Qb3+ 55. Ke4 Qb1+ 56. Ke3 Qxb4 57. Ke4 Qe1+ 58. Kd3 Kd5 59. Kc2 Kxd4 0-1

[Event "FIDE WY-U16 Olympiad 2022"]
[Site "Nakhchivan"]
[Date "2022.10.05"]
[Round "4.33"]
[White "Nuriyeva, Nurtan"]
[Black "Cheng, Justin Hong-Chen"]
[Result "0-1"]
[ECO "E73"]
[WhiteElo "1651"]
[BlackElo "1843"]
[Annotator "NA RC COMBH"]
[PlyCount "144"]
[EventDate "2022.10.02"]
[EventType "team-tourn"]
[EventCountry "AZE"]
[SourceTitle "playchess.com"]
[Source "ChessBase"]
[SourceQuality "1"]
[WhiteTeam "Azerbaijan"]
[BlackTeam "Hong Kong"]
[WhiteTeamCountry "AZE"]
[BlackTeamCountry "HKG"]
[TimeControl "40/5400+30:1800+30"]

1. d4 Nf6 2. c4 g6 3. Nc3 Bg7 4. e4 d6 5. Be2 O-O 6. Bg5 c5 7. d5 e6 8. Qd2 Qa5 9. f3 exd5 10. cxd5 a6 11. g4 Re8 12. h4 Nbd7 13. Nh3 b5 14. Kf2 c4 15. a4 b4 16. Na2 c3 17. bxc3 bxc3 18. Qc2 Nc5 19. Kg2 Qxa4 20. Qxa4 Nxa4 21. Nb4 Nc5 22. Nf2 a5 23. Bb5 Bd7 24. Nc6 h5 25. gxh5 Nxh5 26. Be3 f5 27. Bxc5 dxc5 28. Rhe1 Kh8 29. Nd3 fxe4 30. fxe4 Rf8 31. Nxc5 Bg4 32. Rxa5 Rxa5 33. Nxa5 Bd4 34. Nd3 Ra8 35. Ra1 c2 36. Ra2 Rxa5 37. Rxa5 Nf4+ 38. Nxf4 c1=Q 39. Ne2 Qd2 40. Ra8+ Kg7 41. Bc4 Qc2 42. Kg3 Bxe2 43. Bxe2 Qxe2 44. d6 Qe3+ 45. Kh2 Qf4+ 46. Kh3 Qxd6 47. e5 Qe6+ 48. Kg3 Bxe5+ 49. Kf2 Qf5+ 50. Ke3 Qf4+ 51. Kd3 Qd4+ 52. Kc2 Qc3+ 53. Kd1 Qd3+ 54. Kc1 Bc3 55. Ra2 Qf1+ 56. Kc2 Qe2+ 57. Kb3 Qe6+ 58. Ka3 Qxa2+ 59. Kxa2 Kh6 60. Kb3 Bf6 61. Kc2 Bxh4 62. Kd3 Kg5 63. Ke2 Kf4 64. Kf1 g5 65. Kg2 Kg4 66. Kg1 Kg3 67. Kh1 g4 68. Kg1 Bd8 69. Kh1 Kh3 70. Kg1 g3 71. Kh1 g2+ 72. Kg1 Bb6# 0-1

[Event "FIDE WY-U16 Olympiad 2022"]
[Site "Nakhchivan"]
[Date "2022.10.05"]
[Round "4.34"]
[White "Li, Yiheng"]
[Black "Huseynli, Ayan"]
[Result "1/2-1/2"]
[ECO "C18"]
[WhiteElo "1766"]
[BlackElo "1492"]
[Annotator "NA RC COMBH"]
[PlyCount "85"]
[EventDate "2022.10.02"]
[EventType "team-tourn"]
[EventCountry "AZE"]
[SourceTitle "playchess.com"]
[Source "ChessBase"]
[SourceQuality "1"]
[WhiteTeam "Hong Kong"]
[BlackTeam "Azerbaijan"]
[WhiteTeamCountry "HKG"]
[BlackTeamCountry "AZE"]
[TimeControl "40/5400+30:1800+30"]

1. e4 e6 2. d4 d5 3. Nc3 Bb4 4. e5 c5 5. a3 Bxc3+ 6. bxc3 Ne7 7. Qg4 Kf8 8. h4 Qa5 9. Bd2 Qa4 10. Rh3 Nbc6 11. Nf3 Qxc2 12. Rc1 Qe4+ 13. Qxe4 dxe4 14. Ng5 cxd4 15. cxd4 Nxd4 16. Nxe4 Ndc6 17. f4 Nd5 18. Nd6 Ke7 19. Rg3 g6 20. Be3 Nxe3 21. Rxe3 f6 22. g3 fxe5 23. fxe5 Rf8 24. Bg2 Rb8 25. Bxc6 bxc6 26. Rxc6 Rb1+ 27. Ke2 Rb2+ 28. Kd3 Kd7 29. Rxc8 Rxc8 30. Nxc8 Kxc8 31. Ke4 Kd7 32. Kf4 h6 33. Ke4 Ke7 34. Rf3 Rg2 35. Rb3 Rd2 36. Rb8 Rd8 37. Rxd8 Kxd8 38. Kd4 Kd7 39. Kc5 Kc7 40. g4 Kd7 41. Kb5 Kc7 42. Ka6 Kb8 43. a4 1/2-1/2

[Event "FIDE WY-U16 Olympiad 2022"]
[Site "Nakhchivan"]
[Date "2022.10.05"]
[Round "4.35"]
[White "Bashirli, Saadat"]
[Black "Han, Xuqian Ben"]
[Result "0-1"]
[ECO "E73"]
[WhiteElo "1508"]
[BlackElo "1610"]
[Annotator "NA RC COMBH"]
[PlyCount "196"]
[EventDate "2022.10.02"]
[EventType "team-tourn"]
[EventCountry "AZE"]
[SourceTitle "playchess.com"]
[Source "ChessBase"]
[SourceQuality "1"]
[WhiteTeam "Azerbaijan"]
[BlackTeam "Hong Kong"]
[WhiteTeamCountry "AZE"]
[BlackTeamCountry "HKG"]
[TimeControl "40/5400+30:1800+30"]

1. d4 Nf6 2. c4 g6 3. Nc3 Bg7 4. e4 d6 5. Be2 O-O 6. Bg5 Nbd7 7. Qd2 c5 8. d5 Qa5 9. f3 Nb6 10. g4 Na4 11. Nxa4 Qxa4 12. a3 b5 13. cxb5 Bd7 14. Bh6 Bxb5 15. Bxg7 Kxg7 16. h4 Bxe2 17. Nxe2 Qb3 18. Kf2 Rab8 19. Rab1 h5 20. gxh5 Nxh5 21. Nc1 Qb6 22. Qc3+ Kh7 23. Qc4 Qb5 24. Qc3 a5 25. Ne2 Qa4 26. Qd2 Rb7 27. Rhg1 Rfb8 28. Rg4 Qc4 29. e5 Qa2 30. Qc1 Rxb2 31. Rxb2 Rxb2 32. Re4 Ng3 33. Kxg3 Rxe2 34. Rxe2 Qxe2 35. exd6 Qe5+ 36. f4 Qxd6 37. Qc4 Qc7 38. Kf3 Kg7 39. Kg3 f6 40. Kf3 Qd6 41. Kg4 Kh6 42. Kh3 Kg7 43. Kg4 Kf7 44. Kf3 f5 45. Kg3 Kf8 46. Kf3 Qb6 47. Kg3 Ke8 48. Kf3 Kd7 49. Kg3 Kd6 50. Kf3 Qb7 51. Kg3 Qb1 52. Qa6+ Kxd5 53. Qxa5 Qd3+ 54. Kg2 Qe2+ 55. Kg1 Qg4+ 56. Kf1 Qxf4+ 57. Ke2 Qh2+ 58. Kd3 Qg3+ 59. Kd2 Qf4+ 60. Kc2 Qh2+ 61. Kd3 Qd6 62. Qa8+ Ke5+ 63. Ke2 c4 64. Qh8+ Ke4 65. Qa8+ Qd5 66. Qa4 Qd3+ 67. Kf2 Qd2+ 68. Kg1 Qe3+ 69. Kh2 Qf2+ 70. Kh3 Qf1+ 71. Kh2 Kf4 72. Qc2 Kg4 73. a4 Qf4+ 74. Kg1 Qd4+ 75. Kf1 Qa1+ 76. Kg2 Qd4 77. Kf1 c3 78. a5 Qb4 79. a6 Qa5 80. Qe2+ Kf4 81. Qf2+ Ke5 82. a7 c2 83. Qxc2 Qxa7 84. Qc3+ Qd4 85. Qe1+ Kf6 86. Qg3 Qd1+ 87. Kf2 Qd2+ 88. Kf1 e5 89. Kg1 Qd1+ 90. Kf2 Qg4 91. Qb3 Qxh4+ 92. Kg2 Qe4+ 93. Kf2 f4 94. Qb6+ Kf5 95. Qb8 Qe3+ 96. Kf1 Kg4 97. Qc8+ Kf3 98. Qc6+ e4 0-1

[Event "FIDE WY-U16 Olympiad 2022"]
[Site "Nakhchivan"]
[Date "2022.10.06"]
[Round "5.1"]
[White "Kilic, Eray"]
[Black "Sapenov, Daniyal"]
[Result "1-0"]
[ECO "A18"]
[WhiteElo "2428"]
[BlackElo "2323"]
[Annotator "TA"]
[PlyCount "93"]
[EventDate "2022.10.02"]
[EventType "team-tourn"]
[EventCountry "AZE"]
[SourceTitle "playchess.com"]
[Source "ChessBase"]
[SourceQuality "1"]
[WhiteTeam "Turkey"]
[BlackTeam "Kazakhstan"]
[WhiteTeamCountry "TUR"]
[BlackTeamCountry "KAZ"]
[TimeControl "40/5400+30:1800+30"]

1. c4 Nf6 2. Nc3 e6 3. e4 d5 4. e5 d4 5. exf6 dxc3 6. bxc3 Qxf6 7. d4 Bd6 8. Nf3 {[%emt 0:01:15] A18: English Opening: Flohr-Mikenas System (1 c4 Nf6 2 Nc3 e6 3 e4).} h6 {[%emt 0:01:34] Against Bg5} (8... c5 $14) 9. Bd3 (9. c5 $16 Be7 10. Rb1) 9... Nd7 10. Qe2 ({Better is} 10. O-O $14) 10... b6 $11 11. Be4 Rb8 {[%emt 0:00:10] [#]} 12. h4 $146 ({Predecessor:} 12. Rb1 c5 13. O-O O-O 14. Bc2 Bb7 15. Qd3 Rfd8 16. Nd2 Qh4 17. f4 Nf6 18. Qe2 Bxf4 {0-1 (47) Peschel,A (2150)-Schlamp,R (2255) Kassel 1996}) 12... Qe7 13. Rb1 c5 14. Ne5 {[%emt 0:03:53] Threatens to win with Nc6.} Bxe5 15. dxe5 Bb7 16. Bxb7 Rxb7 17. Qe4 Rb8 18. Bf4 O-O 19. Rd1 Rbd8 20. Qb7 f6 $1 21. O-O Qf7 ({Resist} 21... fxe5 22. Bg3 $16) 22. Qxa7 Nxe5 23. Qxb6 Nxc4 24. Qxc5 e5 25. Bc1 Ra8 26. Qc6 Rfc8 (26... Rxa2 $2 27. Rd7 Na5 28. Qd6 $18) 27. Qf3 Qe6 {[%emt 0:03:23][%mdl 1024] Black has compensation.} ({Don't take} 27... Rxa2 28. Bxh6 Ra6 29. Qf5) 28. Qe2 Ra7 29. Rd3 f5 30. Rfd1 Kh7 31. Rd5 Qf7 32. Be3 Rac7 33. a4 Qf6 34. h5 Ra8 {[%emt 0:01:49] Against a5} 35. Ra1 Qe6 36. Rc5 $36 {[%emt 0:01:24][%mdl 2048] White has some pressure.} Rxc5 37. Bxc5 Kh8 38. Qf3 Rc8 {[%emt 0:00:27] [#] aiming for ...e4.} 39. Bb4 (39. Rd1 $5) 39... f4 $2 {[%emt 0:01:02][%mdl 8192] Black cannot hold the game after this.} (39... e4 $14 40. Qf4 Ra8) 40. a5 $18 Qa6 41. Qd5 {[%emt 0:31:02] Inhibits Nd2.} Nb2 42. Qxe5 {[%emt 0:00:00] White is clearly winning.} f3 43. Re1 Nd3 44. Qe6 Qa8 (44... Qxe6 $142 45. Rxe6 Nf4) 45. Re3 $1 fxg2 46. Rxd3 Re8 47. Qd5 {[%emt 0:00:00] Weighted Error Value: White=0.11 (very precise) /Black=0.33} 1-0

[Event "FIDE WY-U16 Olympiad 2022"]
[Site "Nakhchivan"]
[Date "2022.10.06"]
[Round "5.1"]
[White "Francs, Marats"]
[Black "Montes Orozco, Miguel Angel"]
[Result "1/2-1/2"]
[ECO "D12"]
[WhiteElo "1976"]
[BlackElo "2051"]
[Annotator "TA"]
[PlyCount "124"]
[EventDate "2022.10.02"]
[EventType "team-tourn"]
[EventCountry "AZE"]
[SourceTitle "playchess.com"]
[Source "ChessBase"]
[SourceQuality "1"]
[WhiteTeam "Latvia"]
[BlackTeam "Mexico"]
[WhiteTeamCountry "LAT"]
[BlackTeamCountry "MEX"]
[TimeControl "40/5400+30:1800+30"]

1. d4 d5 2. c4 c6 3. Nf3 Nf6 4. e3 Bf5 5. Nc3 e6 6. Nh4 Bg4 7. Qb3 Qb6 8. Bd2 {[%emt 0:02:58] D12: Slav Defence: 3 Nf3 Nf6 4 e3 Bf5.} Be7 9. Nf3 (9. h3 $14 Bh5 10. g4) 9... Nbd7 {[%emt 0:04:24] [#]} 10. Be2 $146 {[%emt 0:00:51] Black has an edge.} ({Predecessor:} 10. cxd5 Qxb3 11. axb3 exd5 12. Bd3 O-O 13. O-O a6 14. Rfc1 Ne8 15. Na4 Nd6 16. b4 {½-½ (16) Akots,G (2252)-Horvath,M (2205) Hungary 2019}) 10... Ne4 11. Nxe4 dxe4 12. Ng1 Bf5 13. h4 (13. g4 $11 {should be considered.} Bg6 14. Nh3) 13... h6 14. Rd1 (14. Qxb6 axb6 15. g4) (14. Qxb6 $11 axb6 15. g4) 14... Qc7 $15 15. h5 O-O-O (15... a5 $15 {might be stronger.}) 16. Qa4 Kb8 17. c5 Nf6 {[%emt 0:29:45] Against g4} (17... e5 $142) 18. Rc1 $11 Nd5 19. Bc4 Qd7 20. Ne2 e5 21. b4 {[%emt 0:01:03] White wants to play b5.} Nc7 {[%emt 0:13:10] Prevents b5.} 22. Qc2 Bf6 23. Bc3 Be6 24. Bxe6 Qxe6 (24... Nxe6 $2 25. dxe5 Be7 26. Ng3 $16 (26. Qxe4 Bxc5 27. O-O Bb6 $16)) 25. a4 Nd5 {[%emt 0:02:13] Strongly threatening ...exd4.} 26. b5 {[%emt 0:04:03] [#]} (26. dxe5 $11 {remains equal.} Bxe5 27. Bxe5+ Qxe5 28. Qb3) 26... exd4 $1 $17 27. exd4 Qd7 28. Ba5 Rc8 (28... cxb5 29. Bxd8 Rxd8 30. axb5 $14) (28... Rde8 $15) 29. O-O e3 ({Don't do} 29... cxb5 30. axb5 e3 31. c6 $14) 30. f3 cxb5 (30... Ka8 $15) 31. axb5 $11 Qxb5 32. Qa2 Qc6 33. Rb1 ({White should play} 33. Ra1 $11) 33... Bh4 $1 $15 34. Be1 Bxe1 35. Rfxe1 Rhd8 36. Rb3 Rd7 (36... Ka8 $15) 37. Ra1 $11 a6 38. Qxa6 $1 Qxa6 39. Rxa6 {[%emt 0:00:05] Black should prevent c6.} Kc7 {[%emt 0:02:03] Against c6} 40. Ra1 Rb8 41. Ng3 Ne7 {[%emt 0:05:09] Prevents Nf5.} (41... b5 $11) 42. Rd1 $14 Rbd8 (42... Nd5 $14) 43. Rxe3 (43. Rdb1 $16) 43... Nc6 $11 {[%emt 0:00:13] The position is equal.} 44. Rb1 Nxd4 45. Kf2 Ne6 46. Ne4 {[%emt 0:00:00] Against Rd2+} Rd5 47. g4 Nxc5 48. Nxc5 Rxc5 {[%emt 0:00:03][%mdl 4096] Endgame KRR-KRR} 49. Re7+ Rd7 $1 50. Rxb7+ Kxb7 51. Rxd7+ Rc7 52. Rxc7+ Kxc7 {[%emt 0:00:08] K3P-K3P} 53. Ke3 Kd6 54. Kd4 g5 55. Ke4 Ke6 56. f4 gxf4 57. Kxf4 {[%emt 0:00:00] KPP-KPP} Kf6 58. g5+ hxg5+ 59. Kg4 Kg7 {[%emt 0:00:08] [#] ( -> ...Kh6)} 60. Kxg5 Kh7 61. Kf6 Kh6 62. Kxf7 Kxh5 {[%emt 0:00:02] Weighted Error Value: White=0.16 (very precise) /Black=0.14 (very precise)} 1/2-1/2

[Event "FIDE WY-U16 Olympiad 2022"]
[Site "Nakhchivan"]
[Date "2022.10.06"]
[Round "5.2"]
[White "Kairbekova, Amina"]
[Black "Celik, Hasan Huseyin"]
[Result "0-1"]
[ECO "C10"]
[WhiteElo "2231"]
[BlackElo "2323"]
[Annotator "TA"]
[PlyCount "120"]
[EventDate "2022.10.02"]
[EventType "team-tourn"]
[EventCountry "AZE"]
[SourceTitle "playchess.com"]
[Source "ChessBase"]
[SourceQuality "1"]
[WhiteTeam "Kazakhstan"]
[BlackTeam "Turkey"]
[WhiteTeamCountry "KAZ"]
[BlackTeamCountry "TUR"]
[TimeControl "40/5400+30:1800+30"]

1. e4 e6 2. d4 d5 3. Nc3 dxe4 4. Nxe4 Nd7 5. Nf3 Ngf6 6. Nxf6+ Nxf6 7. g3 b6 {[%emt 0:00:45] C10: French with 3 Nc3: Unusual Black 3rd moves and 3...dxe4.} 8. Bb5+ {[%emt 0:00:10] 8.Bb5+ scores better than 8.Bg2.} Bd7 9. a4 Bd6 {[%emt 0:03:58] White has an edge.} 10. O-O {[%emt 0:05:29] [#]} O-O $146 ({Predecessor:} 10... a6 11. Be2 Bc6 12. Ne5 Bxe5 13. dxe5 Qxd1 14. Rxd1 Nd7 15. f4 a5 16. b3 O-O-O {½-½ (107) Peng,X (2485)-Lan,Z (2313) Shaoxing 2021}) 11. Ne5 Bxb5 12. axb5 Qc8 13. Qe2 Bxe5 14. dxe5 Nd5 15. Ra4 Qe8 (15... Ne7 $1 $14) 16. c4 (16. Rh4 $16) 16... Ne7 $14 17. Bd2 a5 {[%emt 0:04:45] [#]} (17... c6 $11 {keeps the balance.}) 18. c5 ({Of course not} 18. b4 $6 axb4 19. Rxa8 Qxa8 $11) ({Only move:} 18. Rfa1 $1 $16) 18... Nd5 ({Better is} 18... Rd8 $11) 19. Rc1 Qe7 20. f4 (20. Rh4 $14 g6 21. c6) 20... Rfd8 21. Be1 Rab8 22. g4 (22. cxb6 $11 cxb6 23. Rc6) 22... Rf8 (22... bxc5 $17 23. Bf2 c4 24. Qxc4 Nb6 25. Bxb6 cxb6) 23. Rac4 (23. c6 $11) 23... bxc5 $17 24. Qf3 {[%emt 0:05:00] This costs White the game.} (24. Re4 $17) 24... Rxb5 $19 25. f5 Qg5 {[%emt 0:02:52] Inhibits f6.} 26. h4 Qe3+ 27. Qxe3 Nxe3 28. Re4 Nd5 29. Bf2 (29. Bc3 {keeps fighting.}) 29... Rxb2 30. Rxc5 Rb4 31. Rd4 (31. Rcc4 {was necessary.}) 31... Ra8 32. Rc6 Rxd4 33. Bxd4 exf5 34. gxf5 {[%emt 0:00:05][%mdl 4096] Endgame KRB-KRN} Ne7 35. Rxc7 Nxf5 36. Bc3 a4 37. h5 a3 {[%emt 0:01:36] Prevents Bb2.} 38. Kf2 a2 39. Ba1 g6 40. h6 Nxh6 41. e6 fxe6 42. Rg7+ Kf8 {[%emt 0:00:01] [#] ...Nf7 is the strong threat.} 43. Rxh7 Nf7 44. Ke3 e5 45. Rh2 Ra4 46. Rc2 Kg7 47. Rc7 Kf6 48. Rc6+ Kf5 49. Rc7 Nh6 50. Kd3 g5 51. Rh7 Ng4 52. Rf7+ Nf6 {[%emt 0:00:06] Hoping for ...g4.} 53. Re7 e4+ 54. Ke2 Nh5 {[%emt 0:01:27] aiming for ...Kf4.} 55. Rf7+ Kg4 56. Rf8 Ng3+ 57. Kf2 Nf5 (57... Ra3 $142 58. Kg2 Rd3 59. Be5 Rd2+ 60. Kg1 e3 61. Ra8 Ne2+ 62. Kf1 Nf4 63. Bxf4 gxf4 64. Ke1 a1=Q+ 65. Rxa1 f3 66. Kf1 Kg3 67. Rb1 f2 68. Re1 e2+ 69. Rxe2 Rd1+ 70. Re1 fxe1=Q#) 58. Re8 Rc4 59. Ke2 Rc1 (59... Rc2+ $142 60. Kd1 Ne3+ 61. Ke1 Rc1+ 62. Ke2 Rxa1 63. Rxe4+ Kh5 64. Rxe3 Rh1 65. Ra3 a1=Q 66. Rxa1 Rxa1 67. Ke3 g4 68. Ke4 g3 69. Kf3 Ra3+ 70. Kf4 g2 71. Ke4 g1=Q 72. Kd5 Ra5+ 73. Kc4 Qc5+ 74. Kd3 Ra3+ 75. Ke2 Qc2+ 76. Kf1 Ra1#) 60. Rxe4+ Kh5 {[%emt 0:00:01] Weighted Error Value: White=0.60/Black=0.19 (very precise)} 0-1

[Event "FIDE WY-U16 Olympiad 2022"]
[Site "Nakhchivan"]
[Date "2022.10.06"]
[Round "5.2"]
[White "Paredes Guzman, Francisco Javier"]
[Black "Savicevs, Arsenijs"]
[Result "1/2-1/2"]
[ECO "A52"]
[WhiteElo "2023"]
[BlackElo "1878"]
[Annotator "TA"]
[PlyCount "145"]
[EventDate "2022.10.02"]
[EventType "team-tourn"]
[EventCountry "AZE"]
[SourceTitle "playchess.com"]
[Source "ChessBase"]
[SourceQuality "1"]
[WhiteTeam "Mexico"]
[WhiteTeamCountry "MEX"]
[TimeControl "40/5400+30:1800+30"]

1. d4 Nf6 2. c4 e5 3. dxe5 Ng4 4. Bf4 Bb4+ 5. Nc3 Bxc3+ 6. bxc3 Nc6 7. Nf3 Qe7 8. Qd5 f6 9. exf6 Nxf6 10. Qd3 {[%emt 0:02:04] A52: Budapest Gambit.} d6 11. g3 b6 12. Bg2 {[%emt 0:00:12] Hoping for Nd4. White is slightly better.} Bb7 $1 13. O-O O-O 14. Rfe1 Na5 15. e4 $1 Rad8 {[%emt 0:05:57][%cal Rb7e4] [#]} 16. Qf1 $146 (16. Qc2 $14) ({Predecessor:} 16. Rad1 Rfe8 17. Nd2 Nc6 18. Bg5 Ne5 19. Qc2 Rb8 20. f4 Nf7 21. Bh4 Qe6 22. c5 bxc5 {1-0 (38) Strnad,J (2228)-Blazek,J (2205) ICCF email 2004}) 16... Ba6 ({Black should play} 16... Rde8 $11) 17. e5 $14 dxe5 18. Rxe5 (18. Nxe5 $5 Qc5 19. Rad1 $14) 18... Qa3 19. Qc1 (19. Bh3 $14) 19... Qxc1+ $11 20. Rxc1 Nxc4 21. Ree1 Rf7 (21... c5 $11 {and Black stays safe.}) 22. Ng5 $1 $18 Rfd7 23. Bh3 {[%emt 0:01:45] This bishop pair is nice.} Rd3 (23... c5 $142 24. Bxd7 Rxd7) 24. Ne6 Bc8 25. Nxd8 Bxh3 26. Nc6 ({Inferior is} 26. Bxc7 Rd7 $15) 26... Nd5 27. Ne7+ ({But not} 27. Nxa7 h6 28. Re4 Nxf4) 27... Kf7 28. Nxd5 Rxd5 29. Bxc7 Nd2 30. Re3 {[%emt 0:00:06] Against Nf3+} Ra5 31. Rc2 $2 (31. Ra1 $18) 31... Rb5 $1 $14 {[%emt 0:01:09] ( -> ...Rb1+)} 32. f3 Rb1+ 33. Kf2 Rf1+ 34. Ke2 Nc4 35. Re4 b5 (35... Ra1 $14) 36. g4 $2 (36. Rf4+ $18 {and White stays clearly on top.} Ke6 37. Rh4) 36... Rg1 $16 37. Kd3 Rd1+ 38. Ke2 Rg1 {[%emt 0:00:17] [#]} 39. Rxc4 $1 Rg2+ (39... bxc4 40. Ke3) 40. Ke3 Rxc2 {[%emt 0:00:19][%mdl 4096] Endgame KRB-KRB} 41. Rc5 Bf1 42. Be5 g6 43. f4 Rxh2 44. Rc7+ Ke6 45. Rxa7 Bc4 {[%emt 0:00:52] [#]} (45... Rh4 $14) 46. a4 $1 bxa4 $2 {[%emt 0:01:20][%mdl 8192] [#]} (46... Kd5 $16 {is a better chance.}) 47. Rxa4 $2 (47. Kd4 $1 $18 {[%cal Rd4c4] and the rest is easy.}) 47... Bf1 48. Rd4 Rh3+ 49. Kf2 Bd3 50. Kg2 Re3 51. Kf2 Rh3 52. Kg2 Re3 53. c4 {[%emt 0:00:00] And now Kf2 would win.} h5 (53... g5 $14) 54. Rd6+ $18 Ke7 55. gxh5 gxh5 56. c5 Bf5 57. c6 (57. Rf6 $16 Bg4 58. Rg6) 57... Re2+ $2 (57... Rc3 $11) 58. Kf3 $2 (58. Kg3 $18) 58... Rc2 $14 59. Rh6 {[%emt 0:00:00] aiming for c7.} h4 $1 60. Bf6+ (60. Ke3 $16) 60... Kf7 (60... Kd6 $1 $11 {remains equal.}) 61. Bxh4 ({White should try} 61. Bh8 $16) 61... Rc3+ $1 $11 62. Ke2 {[%emt 0:00:00] Strongly threatening Rf6+.} Be4 $1 63. Rf6+ Kg8 64. Re6 Bxc6 65. Re7 Rc4 66. Ke3 Bg2 67. Bg5 Bh3 68. Bh6 Rc6 {[%emt 0:00:34] The position is equal.} 69. Re8+ Kh7 70. Bg5 Re6+ 71. Rxe6 Bxe6 72. Kd4 Ba2 73. Ke4 {Weighted Error Value: White=0.51/Black=0.37} 1/2-1/2

[Event "FIDE WY-U16 Olympiad 2022"]
[Site "Nakhchivan"]
[Date "2022.10.06"]
[Round "5.3"]
[White "Ozkan, Taha"]
[Black "Nurmanova, Alua"]
[Result "1-0"]
[ECO "E92"]
[WhiteElo "2299"]
[BlackElo "2188"]
[Annotator "TA"]
[PlyCount "126"]
[EventDate "2022.10.02"]
[EventType "team-tourn"]
[EventCountry "AZE"]
[SourceTitle "playchess.com"]
[Source "ChessBase"]
[SourceQuality "1"]
[WhiteTeam "Turkey"]
[BlackTeam "Kazakhstan"]
[WhiteTeamCountry "TUR"]
[BlackTeamCountry "KAZ"]
[TimeControl "40/5400+30:1800+30"]

1. d4 Nf6 2. c4 g6 3. Nc3 Bg7 4. e4 d6 5. Nf3 O-O 6. Be2 e5 7. Be3 Ng4 8. Bg5 f6 9. Bc1 Nc6 10. d5 Nd4 11. Nxd4 exd4 12. Nb5 (12. Bxg4 dxc3 13. Bxc8 Qxc8) 12... f5 13. O-O Ne5 {[%emt 0:19:40] E97: King's Indian: Classical Main Line (6...e5 7 0-0 Nc6): 8 Be3 and 8 d5 Ne7, not 9 Ne1.} 14. exf5 d3 $1 15. Bxd3 Nxd3 {[%emt 0:00:06] [#] The position is equal.} 16. f6 $146 {[%emt 0:05:50] [#]} (16. Qxd3 $5 Bxf5 17. Qe2 $11) ({Predecessor:} 16. Qxd3 Bxf5 17. Qd1 Qf6 18. Nxc7 Rac8 19. Ne6 Bxe6 20. dxe6 Qxe6 21. Be3 b6 22. Bd4 Bxd4 23. Qxd4 Rxc4 {½-½ (34) Rusev,K (2544)-Spasov,V (2553) Pleven 2015}) 16... Qxf6 17. Qxd3 Bf5 18. Qb3 Rf7 19. Re1 Qh4 20. Be3 Be5 {[%emt 0:05:06] This bishop pair is nice.} ({Black should try} 20... Raf8 $1 $17 {Threatens to win with ...Be4.} 21. f4 a6) 21. f4 $1 $11 Bxf4 22. Bxf4 Qxf4 23. Qc3 Raf8 24. Qd4 Qg5 25. Qe3 {[%emt 0:02:28] Inhibits Bh3.} Qg4 26. Nd4 c6 (26... Bd7 $11 {keeps the balance.} 27. h3 Qh4) 27. h3 $16 Qh4 28. dxc6 bxc6 29. Nxc6 Be4 30. g3 (30. Qxe4 $2 Rf1+ $1 31. Kh2 Qxe4 32. Rxe4 Rxa1 $19) 30... Qxh3 (30... Qf6 $2 31. Qxe4 Qf2+ 32. Kh1 $18) 31. Qxe4 {[%emt 0:00:07] aiming for Qg2.} Qxg3+ 32. Qg2 Qh4 (32... Qxg2+ $16 {was called for.} 33. Kxg2 Rf2+ 34. Kg1 Rxb2) 33. Re4 $1 $18 Qh5 34. Nd4 Rf4 35. Rae1 Qc5 36. b4 ({Better is} 36. b3 $18) 36... Qxc4 (36... Qxb4 $16 {was necessary.} 37. Ne6 Rf3 38. Nxf8 Qc5+ 39. R1e3 Rxe3) 37. Ne6 $1 Rxe4 38. Qxe4 {[%emt 0:00:04] The board is on fire.} ({Much less strong is} 38. Rxe4 $6 Qc1+ 39. Kh2 Rf5 $16) 38... Qxe4 39. Rxe4 {[%emt 0:00:06][%mdl 4096] Endgame KRN-KR} Rc8 40. Kf2 (40. Rf4 $18) 40... h6 41. Nf4 {[%emt 0:30:18] Nd5 is the strong threat.} Kf7 (41... Rc2+ $16 42. Re2 Rc4) 42. Nd5 {[%emt 0:00:17] And now Re7+ would win.} Rc2+ $2 (42... g5 43. Re7+ Kg6 44. Rxa7 Rc2+ 45. Kf3 h5) 43. Re2 $1 Rxe2+ 44. Kxe2 {[%emt 0:00:05] KN-KP} Ke6 45. Nc3 a6 46. Ne4 Kd5 {[%emt 0:00:00] [#]} 47. Kd3 $1 h5 48. a4 h4 49. Ng5 a5 {[%emt 0:00:00] [#]} 50. b5 $1 {[%emt 0:00:00] White mates.} ({Worse is} 50. bxa5 Kc6 $11) 50... Kc5 51. Nh3 Kd5 52. Nf4+ Kc5 53. Kc3 d5 54. Nxg6 {[%emt 0:00:00] KN-K3P} h3 55. Nf4 d4+ 56. Kc2 (56. Kd3 h2 57. Ne6+ Kb6 58. Nxd4 h1=Q $19) 56... h2 57. Nd3+ Kd5 58. Nf2 Kc5 59. Kd2 Kd5 60. Ke2 Kd6 61. Kf3 d3 62. Kg2 d2 63. Ne4+ Kd5 {Weighted Error Value: White=0.12 (very precise) /Black=0.35} 1-0